 Dungeon Crawl Stone Soup version 0.21-a0-404-g291f19a (webtiles) character file.

6995 Moebius the Grappler (level 11, -19/89 HPs)
             Began as a Ghoul Monk on Oct 30, 2017.
             Was a High Priest of Wu Jian.
             Hit by a large rock thrown by a stone giant (39 damage)
             ... on level 1 of the Orcish Mines.
             The game lasted 00:31:58 (8768 turns).

Moebius the Grappler (Ghoul Monk)                   Turns: 8768, Time: 00:31:58

Health: -19/89     AC:  5    Str: 15 (16) XL:     11   Next: 8%
Magic:  12/12      EV: 13    Int:  4 (5)  God:    Wu Jian [*****.]
Gold:   591        SH:  0    Dex: 13 (14) Spells: 9/10 levels left

rFire    . . .     SeeInvis .     - Unarmed
rCold    + . .     Gourm    .   (no shield)
rNeg     + + +     Faith    .   a - +0 robe
rPois    ∞         Spirit   .   d - +0 helmet
rElec    .         Reflect  .   (no cloak)
rCorr    .         Harm     .   u - +1 pair of gloves
MR       .....                  (no boots)
Stlth    +++++.....             H - amulet of regeneration
HPRegen  0.00/turn              q - ring of stealth
MPRegen  0.13/turn              (no ring)

@: rotting
A: rotting body, claws 1, carnivore 3, cold resistance 1, negative energy
resistance 3, inhibited regeneration, torment resistance, unbreathing
a: Serpent's Lash, Heavenly Storm, Renounce Religion


You were on level 1 of the Orcish Mines.
You worshipped Wu Jian.
Wu Jian was extremely pleased with you.
You were not hungry.

You visited 3 branches of the dungeon, and saw 12 of its levels.
You also visited: Sewer.

You collected 591 gold pieces.

Inventory:

Hand Weapons
 m - a +1 blowgun
 y - a +0 hand crossbow
Missiles
 j - 11 curare-tipped needles
 z - 24 bolts
 E - 8 poisoned needles
 J - a throwing net (quivered)
Armour
 a - a +0 robe (worn)
 d - a +0 helmet (worn)
 u - a +1 pair of gloves (worn)
Jewellery
 c - an uncursed amulet of guardian spirit
 q - a ring of stealth (left hand)
 H - an amulet of regeneration (around neck)
Wands
 l - a wand of confusion (15/48)
 t - a wand of digging (3/24)
 I - a wand of disintegration (16/24)
Scrolls
 g - 2 scrolls of enchant weapon
 i - 4 scrolls of identify
 r - a scroll of fog
 v - a scroll of remove curse
 B - 3 scrolls of teleportation
 D - a scroll of blinking
 K - 3 scrolls of recharging
Potions
 e - 4 potions of curing
 f - 2 potions of heal wounds
 k - 5 potions of magic
 p - 2 potions of mutation
 s - 2 potions of invisibility
 w - a potion of agility
 x - 4 potions of flight
 A - a potion of brilliance
 F - a potion of cancellation {unknown}
Books
 n - a book of Minor Magic

   Spells                             Type                      Level
   a - Magic Dart                     Conjuration                  1
   b - Blink                          Translocation                2
   c - Call Imp                       Summoning                    2
   d - Slow                           Hexes                        2
   e - Conjure Flame                  Conjuration/Fire             3
   f - Mephitic Cloud                 Conjuration/Poison/Air       3
 o - a book of Air

   Spells                             Type                      Level
   a - Shock                          Conjuration/Air              1
   b - Swiftness                      Charms/Air                   2
   c - Static Discharge               Conjuration/Air              3
   d - Airstrike                      Air                          4
   e - Lightning Bolt                 Conjuration/Air              5
Miscellaneous
 L - a lightning rod (inert)
Comestibles
 b - 4 meat rations
 h - 3 royal jellies
 C - 4 chunks of flesh


   Skills:
 + Level 5.8 Fighting
 - Level 2.6 Dodging
 + Level 9.7 Stealth
 + Level 14.3 Unarmed Combat
 * Level 3.3 Evocations


You had 9 spell levels left.
You knew the following spells:

 Your Spells              Type           Power        Failure   Level  Hunger
a - Magic Dart            Conj           #...         50%         1    ##.....


Dungeon Overview and Level Annotations

Branches:
Dungeon (10/15)            Temple (1/1) D:5            Lair (0/6) D:9
    Orc (1/2) D:9

Altars:
Ashenzari
Hepliaklqana
Kikubaaqudgha
Makhleb
Ru
Trog
Uskayaw
Vehumet
Wu Jian
Yredelemnul

Shops:
D:4 %

Annotations:
D:5 1 exclusion


Innate Abilities, Weirdness & Mutations

Your body is rotting away.
You thrive on raw meat.
You are immune to poison.
You have sharp fingernails.
You are carnivorous and can eat meat at any time.
Your flesh is cold resistant. (rC+)
You are immune to negative energy. (rN+++)
You do not regenerate when monsters are visible.
You are immune to unholy pain and torment.
You can survive without breathing.


Message History

The stone giant is blasted.
This wand has 18 charges left.
The stone giant throws a large rock.
The large rock hits you!!
Unknown command.
Evoke which item? (* to show all) (? for menu, Esc to quit)
Aiming: Disintegrate
Press: ? - help, Shift-Dir - straight line, f/p - stone giant
Aim: a stone giant (severely wounded, chance to defeat MR: 28%)
The stone giant easily resists.
This wand has 17 charges left.
The stone giant throws a large rock.
The large rock barely misses you.
An orc comes into view.
Evoke which item? (* to show all) (? for menu, Esc to quit)
Aiming: Disintegrate
Press: ? - help, Shift-Dir - straight line, f/p - stone giant
Aim: a stone giant (severely wounded, chance to defeat MR: 28%)
The stone giant easily resists.
This wand has 16 charges left.
The orc priest calls down the wrath of Beogh upon you.
Beogh smites you!
* * * LOW HITPOINT WARNING * * *
The stone giant throws a large rock.
The large rock hits you!!!
You die...

. ##......$# #....
..#...>....# ....#
....o......##....#
...((.[..........
.o..$.o.o......#
..o...)C#......##
......##$.o.....###
.....##..(.........
..$........@.....o.
.###........#......
#..........(#...
#..........(.....
..................
......#.........##
....$##........#
.#..# #........#


You could see a stone giant, 2 orc warriors, an orc priest and 2 orcs.

Vanquished Creatures
  A two-headed ogre (D:8)
  Pikel (D:4)
  Joseph (D:9)
  A gargoyle (D:8)
  A troll (Orc:1)
  A hornet (D:8)
  Grinder (D:3)
  A hippogriff (D:6)
  A hungry ghost (D:8)
  2 water moccasins
  4 orc warriors
  A sky beast (D:8)
  2 ice beasts
  6 ogres
  2 centaurs
  Blork the orc (D:4)
  3 big kobolds (Sewer)
  4 bullfrogs
  3 scorpions
  3 killer bees (D:9)
  6 wights
  A howler monkey (D:5)
  4 crimson imps
  2 bullfrog zombies
  4 hounds
  A centaur zombie (D:5)
  A jelly (D:8)
  3 bullfrog skeletons
  2 centaur skeletons
  11 orc priests
  2 orc wizards
  4 iguanas
  Ijyb (D:3)
  9 worker ants
  Terence (D:2)
  Robin (D:2)
  A howler monkey zombie (D:5)
  17 gnolls
  2 river rats (D:6)
  11 adders
  A shadow imp (D:6)
  2 oozes (Sewer)
  2 adder skeletons (D:4)
  3 worms
  2 dart slugs
  3 leopard geckos
  21 orcs
  A ball python (D:2)
  15 bats
  6 giant cockroaches
  36 goblins
  22 hobgoblins
  7 jackals
  6 quokkas
  5 frilled lizards
  21 kobolds
  A quokka skeleton (D:6)
  9 rats
  A fungus (D:3)
288 creatures vanquished.

Notes
Turn   | Place    | Note
-------+----------+-------------------------------------------
     0 | D:1      | Moebius the Ghoul Monk began the quest for the Orb.
     0 | D:1      | Reached XP level 1. HP: 19/19 MP: 0/0
    12 | D:1      | Noticed an electric eel
   105 | D:1      | Reached XP level 2. HP: 26/26 MP: 1/1
   456 | D:1      | Reached XP level 3. HP: 33/33 MP: 2/2
   492 | D:1      | Reached skill level 4 in Unarmed Combat
   512 | D:2      | Noticed Terence
   766 | D:2      | Noticed Robin
   778 | D:2      | Killed Robin
  1216 | D:2      | Reached XP level 4. HP: 24/39 MP: 3/3
  1310 | D:3      | Noticed Ijyb
  1486 | D:2      | Killed Terence
  1486 | D:2      | Reached skill level 5 in Unarmed Combat
  1790 | D:3      | Reached XP level 5. HP: 25/45 MP: 1/4
  1839 | D:3      | Noticed Grinder
  1880 | D:3      | Killed Ijyb
  1896 | D:3      | Paralysed by Grinder for 3 turns
  2211 | D:3      | Paralysed by Grinder for 7 turns
  2227 | D:3      | Paralysed by Grinder for 7 turns
  2235 | D:3      | Killed Grinder
  2235 | D:3      | Reached skill level 6 in Unarmed Combat
  2235 | D:3      | Reached XP level 6. HP: 37/52 MP: 5/5
  2275 | D:3      | Learned a level 1 spell: Magic Dart
  2733 | D:3      | Reached skill level 7 in Unarmed Combat
  2846 | D:5      | Entered Level 5 of the Dungeon
  2990 | D:4      | Reached XP level 7. HP: 51/60 MP: 4/6
  3007 | D:4      | Noticed Blork the orc
  3014 | D:4      | Killed Blork the orc
  3240 | D:4      | Noticed Pikel
  3253 | D:4      | Killed Pikel
  3253 | D:4      | Reached skill level 9 in Unarmed Combat
  3253 | D:4      | Reached XP level 8. HP: 40/67 MP: 4/7
  3257 | D:4      | Found Ateim's Food Emporium.
  3650 | D:6      | Reached skill level 5 in Stealth
  3756 | D:6      | Found a glowing drain.
  3780 | Sewer    | Entered a sewer
  3914 | Sewer    | Reached skill level 10 in Unarmed Combat
  4016 | Sewer    | Reached skill level 5 in Fighting
  4404 | D:5      | Reached XP level 9. HP: 58/74 MP: 8/8
  4515 | D:5      | Found a staircase to the Ecumenical Temple.
  4532 | Temple   | Entered the Ecumenical Temple
  4539 | Temple   | Became a worshipper of the Wu Jian Council
  4539 | Temple   | Reached * piety under Wu Jian
  4539 | Temple   | Reached ** piety under Wu Jian
  4728 | D:5      | Reached skill level 11 in Unarmed Combat
  4964 | D:5      | Reached *** piety under Wu Jian
  5712 | D:6      | Reached skill level 12 in Unarmed Combat
  5730 | D:6      | Reached **** piety under Wu Jian
  6896 | D:7      | Reached XP level 10. HP: 81/81 MP: 9/9
  7371 | D:8      | Found a shattered altar of Ashenzari.
  7421 | D:8      | Noticed a gargoyle
  7440 | D:8      | Killed a gargoyle
  7440 | D:8      | Reached skill level 13 in Unarmed Combat
  7440 | D:8      | Reached skill level 1 in Evocations
  7648 | D:8      | Noticed a two-headed ogre
  7669 | D:8      | Killed a two-headed ogre
  7736 | D:8      | Reached ***** piety under Wu Jian
  7783 | D:8      | Found a bloodstained altar of Trog.
  8301 | D:9      | Reached skill level 14 in Unarmed Combat
  8316 | D:9      | Found a basalt altar of Yredelemnul.
  8317 | D:9      | Noticed Joseph
  8329 | D:9      | Killed Joseph
  8341 | D:9      | Found a staircase to the Orcish Mines.
  8403 | D:9      | Reached XP level 11. HP: 89/89 MP: 12/12
  8531 | D:9      | Found a staircase to the Lair.
  8593 | D:10     | Entered Level 10 of the Dungeon
  8720 | Orc:1    | Entered Level 1 of the Orcish Mines
  8755 | Orc:1    | Noticed a stone giant
  8768 | Orc:1    | Hit by a large rock thrown by a stone giant

Vault maps used:
D:1:      arrival_aquarium_a, serial_forest, infiniplex_forest_clump_curved,
          infiniplex_forest_straight_2, infiniplex_forest_straight_3,
          infiniplex_forest_clump_long, infiniplex_forest_lined_4_way,
          infiniplex_forest_pool, infiniplex_forest_lined_1,
          infiniplex_forest_clump_tiny
D:2:      kennysheep_generic_room_14, uniq_terence, uniq_robin
D:3:      serial_park_tiny_1, minmay_gold_behind_fungi, uniq_ijyb, uniq_grinder
D:4:      serial_shops, shop, first_bread, uniq_pikel, uniq_blork_the_orc
D:5:      minmay_goblin_kobold_castle, minmay_temple_entry_glassed_door
D:6:      gup_sewer_entry_bubbles
D:7:      minmay_misc_feat_roman, grunt_ogre_cave
D:8:      evilmike_ruin_ashenzari, trog_butcher_becter
D:9:      lair_entry_dummy, orc_0_dummy, yredelemnul_altar_generic, uniq_joseph
Temple:   grunt_wide_crystal_templ
Sewer:    kennysheep_pipe_town

Skill      XL: |  1  2  3  4  5  6  7  8  9 10 11 |
---------------+----------------------------------+-----
Unarmed Combat | 4 5 6 7 9 10 12 14 | 14.3
Fighting       | 4 5 |  5.8
Stealth        | 3 4 5 7 9 |  9.7
Evocations     | 2 3 |  3.3
Dodging        | |  2.6

Action                   |  1- 3 |  4- 6 |  7- 9 | 10-12 || total
-------------------------+-------+-------+-------+-------++-------
Melee: Unarmed           |   156 |   133 |   422 |   178 ||   889
       Punch             |     1 |     3 |    17 |    14 ||    35
 Fire: Blowgun           |       |       |       |     3 ||     3
Throw: Throwing net      |       |       |     1 |     2 ||     3
Evoke: Lightning rod     |       |       |       |     5 ||     5
       Wand              |       |       |       |     6 ||     6
  Use: Scroll            |       |       |     1 |    10 ||    11
       Potion            |       |       |     1 |     8 ||     9
 Stab: Sleeping          |     5 |     2 |    27 |    12 ||    46
       Held in net/web   |       |       |     1 |     2 ||     3
       Distracted        |       |       |     2 |       ||     2
  Eat: Chunk             |     9 |    12 |    38 |    25 ||    84
       Meat ration       |       |     1 |       |       ||     1
Armor: Robe              |    40 |    28 |    46 |    15 ||   129
Dodge: Dodged            |   112 |    91 |   235 |    59 ||   497

Table legend:
 A = Spawn XP
 B = Non-spawn XP
 C = Spawn XP percentage of total XP
 D = Spawn monster count
 E = Non-spawn monster count
 F = Spawn count percentage of total count
 G = Total turns spent on level
                    A         B        C        D         E        F      G
               +---------+---------+-------+---------+---------+-------+---------
         Total |       0 |    9994 |   0.0 |       0 |     287 |   0.0 |  8768
               +---------+---------+-------+---------+---------+-------+---------
           D:1 |       0 |      39 |   0.0 |       0 |      23 |   0.0 |   780
           D:2 |       0 |     102 |   0.0 |       0 |      20 |   0.0 |  1204
           D:3 |       0 |     440 |   0.0 |       0 |      24 |   0.0 |   816
           D:4 |       0 |    1037 |   0.0 |       0 |      18 |   0.0 |   753
           D:5 |       0 |     828 |   0.0 |       0 |      72 |   0.0 |  1422
           D:6 |       0 |    1037 |   0.0 |       0 |      25 |   0.0 |   960
           D:7 |       0 |    1047 |   0.0 |       0 |      22 |   0.0 |   969
           D:8 |       0 |    3117 |   0.0 |       0 |      37 |   0.0 |   928
           D:9 |       0 |    1551 |   0.0 |       0 |      16 |   0.0 |   522
          D:10 |       0 |     116 |   0.0 |       0 |       1 |   0.0 |    13
         Orc:1 |       0 |     348 |   0.0 |       0 |       5 |   0.0 |    48
         Sewer |       0 |     332 |   0.0 |       0 |      24 |   0.0 |   338
               +---------+---------+-------+---------+---------+-------+---------
